 Dungeon Sprint DCSS version 0.30-a0-824-g6c64550be9 (webtiles) character file.

Game seed: 2159452773076078155

900000 BigDaddyOpFi the Spry (level 11, -18/65 HPs)
             Began as a Djinni Earth Elementalist on Feb 27, 2023.
             Was an Initiate of Makhleb.
             Demolished by a meat berserker
             ... wielding a +9 battleaxe
              (83 damage)
             ... in the Dungeon (Sprint VIII: "Arena of Blood").
             The game lasted 00:00:14 (9 turns).

BigDaddyOpFi the Spry (Djinni Earth Elementalist)      Turns: 9, Time: 00:00:14

Health: -18/65     AC:  2    Str:  7    XL:     11   Next: 25%
Gold:   0          EV: 23    Int: 16    God:    Makhleb [......] SH:  0 Dex: 19

rFire   + + .      SeeInvis .    g - +∞ Axe of Woe
rCold   x . .      Faith    .    (shield currently unavailable)
rNeg    . . .      Spirit   .    a - +0 robe
rPois   ∞          Reflect  .    (no helmet)
rElec   .          Harm     .    (no cloak)
rCorr   .          Rampage  .    (no gloves)
Will    +....      NoTele   +    (boots unavailable)
Stlth   ++++++                   (no amulet)
HPRegen 0.30/turn                (no ring)
MPRegen 0.00/turn                (no ring)

@: flying
A: sickness immunity, fire resistance 2, cold vulnerability 1, float, innate
caster, HP casting, extra vitality 1
a: Renounce Religion


You were in the Dungeon.
You worshipped Makhleb.
Makhleb was noncommittal.
You visited 1 branch

Inventory:

Hand Weapons
 g - the +∞ Axe of Woe (weapon)
   (You found it in the Dungeon)
Armour
 a - a +0 robe (worn)
Scrolls
 f - a scroll of blinking
Potions
 b - a potion of curing
 c - a potion of heal wounds
 d - a potion of haste
 e - a potion of berserk rage


   Skills:
 + Level 0.0 Fighting
 + Level 0.0 Axes
 + Level 0.0 Armour
 + Level 16.5 Dodging
 + Level 14.0 Stealth
 + Level 0.0 Unarmed Combat
 + Level 12.1 Spellcasting
 + Level 0.0 Invocations


You knew the following spells:

 Your Spells              Type           Power      Damage    Failure   Level
a - Sandblast             Erth           96%        2d20      1%          1
b - Passwall              Tmut/Erth      40%        N/A       1%          2
c - Stone Arrow           Conj/Erth      96%        3d13      1%          3
d - Petrify               Tmut/Erth      48%        N/A       1%          4
e - Slow                  Hex            100%       N/A       1%          1
f - Call Imp              Summ           48%        N/A       1%          2
g - Gell's Gravitas       Tloc           48%        N/A       1%          3
h - Iskenderun's Mystic   Conj/Tloc      48%        2d11      1%          4
i - Fireball              Conj/Fire      24%        3d11      1%          5
Your spell library was empty.

Dungeon Overview and Level Annotations

Branches:
Dungeon (1/1)

Altars:
Makhleb


Innate Abilities, Weirdness & Mutations

You are immune to sickness and miasma.
You are immune to poison.
Your flesh is very heat resistant. (rF++)
You are vulnerable to cold. (rC-)
You float through the air rather than walking.
You learn spells naturally, not from books.
Your magical power is your life essence.
You have superior vitality. (+4 MHP)


Message History

You have reached level 5!
The power to cast Call Imp wells up from within.
Spell assigned to 'f'.
You have reached level 6!
You have reached level 7!
The power to cast Gell's Gravitas wells up from within.
Spell assigned to 'g'.
You have reached level 8!
You feel agile.
You have reached level 9!
Your experience leads to an increase in your attributes!
Increase (S)trength, (I)ntelligence, or (D)exterity?
You feel agile. x2
The power to cast Iskenderun's Mystic Blast wells up from within.
Spell assigned to 'h'.
You have reached level 10!
You have reached level 11!
The power to cast Fireball wells up from within.
Spell assigned to 'i'.
Unknown command.
Press < or > to pray at altars.
Unknown command.
Press < or > to pray at altars.
You hover solemnly before the altar of Makhleb.
Makhleb welcomes you!
You hear a shout! x8
You hear a shout! x2
A bag of meat comes into view. It is wielding a +9 war axe.
You hear a shout! x4
Unknown command.
Press < or > to pray at altars.
You hear a shout! x2
The meat berserker rages.
You hear a shout! x3
Unknown command.
Press < or > to pray at altars.
You hear a shout! x10
The meat berserker hits you with a +9 battleaxe!!!!
Ouch! That really hurt!
You die...

.. ..... #.
...# #.. ...# .
.###.. ...###..
......###......
......_.....
#....o# #_.<)@#
#....O#
......_.o...
......###......
.###.. ..o###..
#.. ...# . #.
...# .. .....


You could see a meat berserker (berserk) and 3 bags of meat.

Vanquished Creatures
  An orc (D)
1 creature vanquished.

Notes
Turn   | Place    | Note
-------+----------+-------------------------------------------
     0 | D        | Found the +∞ Axe of Woe
     0 | D        | BigDaddyOpFi the Djinni Earth Elementalist began the quest
                  | for the Orb.
     0 | D        | BigDaddyOpFi set off with the following spells memorised:
                  | Sandblast, Passwall, Stone Arrow, Petrify.
     0 | D        | Reached XP level 1. HP: 15/15 MP: 0/0
     1 | D        | Noticed a bag of meat
     3 | D        | Noticed a bag of meat
     4 | D        | Noticed a bag of meat
     5 | D        | Killed a bag of meat
     5 | D        | Noticed a meat berserker
     6 | D        | Reached skill level 16 in Dodging
     6 | D        | Reached XP level 2. HP: 21/21 MP: 0/0
     6 | D        | Reached XP level 3. HP: 25/25 MP: 0/0
     6 | D        | Learned a level 1 spell: Slow
     6 | D        | Reached XP level 4. HP: 31/31 MP: 0/0
     6 | D        | Reached XP level 5. HP: 35/35 MP: 0/0
     6 | D        | Learned a level 2 spell: Call Imp
     6 | D        | Reached XP level 6. HP: 40/40 MP: 0/0
     6 | D        | Reached XP level 7. HP: 45/45 MP: 0/0
     6 | D        | Learned a level 3 spell: Gell's Gravitas
     6 | D        | Reached XP level 8. HP: 50/50 MP: 0/0
     6 | D        | Reached XP level 9. HP: 55/55 MP: 0/0
     6 | D        | Learned a level 4 spell: Iskenderun's Mystic Blast
     6 | D        | Reached XP level 10. HP: 60/60 MP: 0/0
     6 | D        | Reached XP level 11. HP: 65/65 MP: 0/0
     6 | D        | Learned a level 5 spell: Fireball
     6 | D        | Became a worshipper of Makhleb the Destroyer
     7 | D        | Noticed a bag of meat
     9 | D        | Demolished by a meat berserker

Illustrated notes

Levels and vault maps discovered:
D:        meatsprint

Skill      XL: |  1 |
---------------+----+-----
Dodging        | 16 | 16.5
Stealth        | 14 | 14.0
Spellcasting   | 12 | 12.1

Action                     |  1- 3 |  4- 6 |  7- 9 | 10-12 || total
---------------------------+-------+-------+-------+-------++-------
  Melee: Executioner's axe |     1 |       |       |       ||     1

Table legend: (Time is in decaauts)
 A = Elapsed time spent in this place.
 B = Non-inter-level travel time spent in this place.
 C = Inter-level travel time spent in this place.
 D = Time resting spent in this place.
 E = Time spent auto-exploring this place.
 F = Levels seen in this place.
 G = Mean time per level.
                   A        B        C        D        E       F      G
               +--------+--------+--------+--------+--------+-----+--------+
         Total |      9 |      9 |      0 |      0 |      0 |   1 |    9.0 |
       Dungeon |      9 |      9 |      0 |      0 |      0 |   1 |    9.0 |
               +--------+--------+--------+--------+--------+-----+--------+

Top non-repeatable levels by time:
       D: 9 daAuts
